 Dungeon Crawl Stone Soup version 0.28.0-1-gb440e238dd (webtiles) character file.

Game seed: 17086654529798329785

3591 smarlow the Fighter (level 9, -11/86 (89) HPs)
             Began as a Minotaur Fighter on Feb 25, 2022.
             Killed from afar by a ynoxinul (18 damage)
             ... with an iron shot
             ... on level 1 of the Abyss.
             The game lasted 00:19:59 (10261 turns).

smarlow the Fighter (Minotaur Fighter)             Turns: 10261, Time: 00:20:00

HP:   -11/86 (89)   AC:  9    Str: 24    XL:     9   Next: 85%
MP:   8/8           EV:  9    Int:  5    God:
Gold: 97            SH:  6    Dex: 11    Spells: 8/8 levels left

rFire   . . .      SeeInvis .   a - +1 war axe
rCold   . . .      Faith    .   c - +0 buckler
rNeg    . . .      Spirit   .   b - +0 scale mail
rPois   .          Reflect  .   (helmet restricted)
rElec   .          Harm     .   r - +0 cloak
rCorr   .          Rampage  .   (no gloves)
Will    +....                   (no boots)
Stlth   ..........              (no amulet)
HPRegen 0.24/turn               o - ring of willpower
MPRegen 0.11/turn               (no ring)

@: about to teleport, studying Air Magic, lightly drained
A: horns 2, retaliatory headbutt
a: no special abilities


You were on level 1 of the Abyss.
You visited 2 branches of the dungeon, and saw 8 of its levels.
You visited the Abyss 1 time.
You also visited: Ossuary.

You collected 247 gold pieces.
You spent 150 gold pieces at shops.

Inventory:

Hand Weapons
 a - a +1 war axe (weapon)
 y - a +4 morningstar
Missiles
 q - 11 poisoned darts (quivered)
Armour
 b - a +0 scale mail (worn)
 c - a +0 buckler (worn)
 r - a +0 cloak (worn)
Jewellery
 i - an amulet of faith
 o - a ring of willpower (left hand)
 t - a ring of wizardry
Wands
 l - a wand of digging (4)
Scrolls
 d - a scroll of summoning
 n - 2 scrolls of teleportation
 s - a scroll of silence
 u - a scroll of blinking
 x - a scroll of fog {unknown}
 z - a scroll of identify
Potions
 e - 5 potions of curing
 f - 3 potions of might
 g - 2 potions of cancellation {unknown}
 h - 2 potions of ambrosia
 j - a potion of mutation
 k - a potion of attraction {unknown}
 m - 2 potions of resistance
 p - a potion of heal wounds {unknown}
 v - 3 potions of invisibility {unknown}
 w - a potion of flight {unknown}


   Skills:
 * Level 11.1 Fighting
 * Level 8.0 Axes
 + Level 8.5 Armour
 + Level 8.5 Shields


You had 8 spell levels left.
You didn't know any spells.
Your spell library contained the following spells:

 Spells                   Type           Power      Damage    Failure   Level
 Ensorcelled Hibernation  Hex/Ice        0%         N/A       91%         2
 Portal Projectile        Hex/Tloc       0%         N/A       99%         3
 Spider Form              Tmut/Pois      0%         N/A       99%         3
 Anguish                  Hex/Necr       0%         N/A       100%        4
 Blade Hands              Tmut           0%         N/A       100%        5
 Excruciating Wounds      Necr           0%         N/A       100%        5


Dungeon Overview and Level Annotations

Branches:
Dungeon (7/15)             Temple (1/1) D:5         Ossuary (visited)

Altars:
Ashenzari
Cheibriados
Dithmenos
Fedhas
Makhleb
Ru
Trog
Vehumet
Xom
Zin

Shops:
D:2 !   D:6 ?

Annotations:
D:2 1 runed translucent door, Crazy Yiuf
D:3 1 runed translucent door, croobank's ghost, amateur HuFE


Innate Abilities, Weirdness & Mutations

You have a pair of horns on your head.
You reflexively headbutt those who attack you in melee.


Message History

The wraith is moderately damaged.
The wraith hits you but does no damage.
You closely miss the wraith. Your headbutt misses the wraith.
The wraith is moderately damaged.
The wraith closely misses you. You furiously retaliate!
You headbutt the wraith. The wraith hits you.
You slash the wraith!
The wraith is severely damaged.
The wraith hits you. The wraith drains your vigour!
You feel as though you will be slow longer.
You hit the wraith.
The wraith is severely damaged.
The wraith barely misses you.
The ynoxinul gestures.
The wraith barely misses you.
The ynoxinul gestures.
You hit the wraith but do no damage.
The wraith is severely damaged.
The wraith hits you but does no damage. x2
You slash the wraith!
You destroy the wraith!
That felt strangely unrewarding.
A ynoxinul comes into view.
The soul eater hits you!
As you read the scroll of teleportation, it crumbles to dust.
You feel strangely unstable.
You feel the power of the Abyss delaying your translocation!
The soul eater barely misses you. The soul eater hits you!
You feel yourself speed up. The soul eater hits you.
You feel drained.
The ufetubus disappears in a puff of smoke!
Why would you want to do that? The soul eater hits you!
You feel drained.
You completely miss the ynoxinul. You hit the soul eater.
The soul eater draws from the surrounding life force!
* * * LOW HITPOINT WARNING * * *
The soul eater is healed.
The ynoxinul gestures at you. The iron shot hits you!!
You die...

§≈≈ #. . .
≈ § # ..
... §≈≈§
#... 3..
§≈§ # #.
.# ≈≈ §≈≈
# ## .. ##
≈≈≈≈§≈≈ .
4 § . ..
§§≈§###§#§
### . ##
#§### .#
.##. #..
##3@# ..
..## #
#53## ..##
##...#
##5### #5#
..#
##§.###
#...#. .##
#.5## # .5
..# ##.5.
55##
##...#
#.###
###.# ###
#. ### ..


You could see a soul eater, a ynoxinul and 2 ufetubi.

Vanquished Creatures
  A centaur zombie (D:6)
  Sigmund (D:5)
  A wraith (Abyss:1)
  A water moccasin (D:6)
  2 ice beasts (D:6)
  2 orc warriors (D:6)
  2 hornet zombies (D:7)
  A sky beast (D:7)
  A necrophage (D:6)
  4 ogres
  A centaur (D:6)
  2 phantoms (D:6)
  A bullfrog (D:7)
  2 scorpions (D:5)
  6 water moccasin zombies
  A water moccasin skeleton (D:5)
  4 killer bees (D:6)
  4 wights (D:7)
  An electric eel (D:6)
  A bullfrog zombie (D:6)
  A hound (D:5)
  A jelly (D:6)
  A bullfrog skeleton (D:5)
  3 orc priests
  A gnoll shaman (D:6)
  4 iguanas
  Ijyb (D:3)
  2 orc wizards (D:7)
  A killer bee zombie (D:7)
  A hound zombie (D:5)
  2 mummies (Ossuary)
  Robin (D:2)
  8 gnolls
  6 adders
  A shadow imp (D:6)
  4 white imps
  An ufetubus (D:6)
  4 adder zombies (Ossuary)
  4 worms
  11 dart slugs (D:5)
  16 orcs
  5 ball pythons
  8 bats
  3 endoplasms
  A giant cockroach (D:4)
  5 gnoll zombies (Ossuary)
  6 goblins
  4 hobgoblins (D:2)
  6 jackals
  A quokka (D:2)
  3 frilled lizards
  5 hobgoblin zombies (Ossuary)
  3 kobolds
  4 kobold zombies (Ossuary)
  3 orc zombies (Ossuary)
  5 rats
175 creatures vanquished.

Vanquished Creatures (others)
  8 plants
8 creatures vanquished.

Grand Total: 183 creatures vanquished

Notes
Turn   | Place    | Note
-------+----------+-------------------------------------------
     0 | D:1      | smarlow the Minotaur Fighter began the quest for the Orb.
     0 | D:1      | Reached XP level 1. HP: 19/19 MP: 0/0
   209 | D:1      | Reached XP level 2. HP: 27/27 MP: 1/1
   631 | D:2      | Reached skill level 4 in Fighting
   631 | D:2      | Reached XP level 3. HP: 11/33 MP: 2/2
  1109 | D:2      | Reached XP level 4. HP: 41/41 MP: 3/3
  1237 | D:2      | Found Kupnoviy's Distillery.
  1647 | D:2      | Found a runed translucent door.
  1648 | D:2      | Noticed Crazy Yiuf
  1736 | D:2      | Noticed Robin
  1744 | D:2      | Killed Robin
  2234 | D:3      | Noticed Ijyb
  2242 | D:3      | Killed Ijyb
  2243 | D:3      | Reached XP level 5. HP: 44/47 MP: 4/4
  2348 | D:3      | Found a runed translucent door.
  2348 | D:3      | Noticed croobank's ghost (amateur HuFE)
  2349 | D:3      | Noticed a necrophage
  3330 | D:4      | Found a bloodstained altar of Trog.
  3425 | D:4      | Noticed an ogre
  3432 | D:4      | Killed an ogre
  3433 | D:4      | Reached skill level 5 in Fighting
  3433 | D:4      | Reached skill level 5 in Shields
  3802 | D:5      | Entered Level 5 of the Dungeon
  3922 | D:5      | Reached skill level 5 in Armour
  3922 | D:5      | Reached XP level 6. HP: 52/56 MP: 5/5
  4044 | D:5      | Noticed Sigmund
  4136 | D:5      | Reached skill level 6 in Fighting
  4404 | D:5      | Reached XP level 7. HP: 54/64 MP: 6/6
  4986 | D:5      | Found a staircase to the Ecumenical Temple.
  4995 | Temple   | Entered the Ecumenical Temple
  5426 | D:6      | Reached skill level 5 in Axes
  5567 | D:5      | Killed Sigmund
  5568 | D:5      | Reached skill level 7 in Fighting
  5706 | D:6      | Reached XP level 8. HP: 46/74 MP: 7/7
  5913 | D:6      | Reached skill level 8 in Fighting
  6477 | D:6      | Reached skill level 9 in Fighting
  6508 | D:6      | HP: 3/78 [orc warrior (12)]
  6879 | D:6      | Reached XP level 9. HP: 50/84 MP: 8/8
  8267 | D:6      | Reached skill level 10 in Fighting
  8468 | D:6      | Found Huafum's Magic Scroll Shoppe.
  8475 | D:6      | Bought a scroll of identify for 24 gold pieces
  8475 | D:6      | Bought a scroll of blinking for 90 gold pieces
  8475 | D:6      | Bought a scroll of teleportation for 36 gold pieces
  8985 | D:7      | Found a sand-covered staircase.
  9031 | Ossuary  | Entered an ossuary
  9795 | D:7      | Reached skill level 11 in Fighting
 10168 | D:7      | Cast into level 1 of the Abyss (wight)
 10219 | Abyss:1  | Noticed a soul eater
 10240 | Abyss:1  | Noticed an orange demon
 10261 | Abyss:1  | Killed from afar by a ynoxinul

Illustrated notes

Levels and vault maps discovered:
D:1:      dpeg_arrival_simpleton_c, layout_basic, serial_bayou_lagoon_b
D:2:      layout_basic, serial_shops, shop, uniq_crazy_yiuf_cottage, uniq_robin
D:3:      minmay_wonky_spiral, layout_loops_ring, ebering_ghost_inner_flame,
          uniq_ijyb
D:4:      layout_loops_ring, marbit_many_paths
D:5:      kennysheep_slugbush, layout_basic, temple_hall,
          minmay_misc_feat_secret_circle, uniq_sigmund
D:6:      layout_loops_corners, serial_bayou, serial_bayou_crossing,
          serial_bayou_pond_b, serial_bayou_pond_e, serial_bayou_lagoon_a,
          serial_shops, shop, minmay_manual_moon
D:7:      layout_loops_ring, enter_ossuary_5
Temple:   compressed_dpeg_triangle_lava_temple
Abyss:1:  base:
Temple

Skill      XL: |  1  2  3  4  5  6  7  8  9 |
---------------+----------------------------+-----
Fighting       | 4 5 6 7 9 11 | 11.1
Axes           | 3 4 5 6 8 |  8.0
Armour         | 4 5 6 7 8 |  8.5
Shields        | 4 5 6 7 8 |  8.5

Action                   |  1- 3 |  4- 6 |  7- 9 || total
-------------------------+-------+-------+-------++-------
Melee: War axe           |    43 |   135 |   307 ||   485
       Headbutt          |    10 |    23 |    64 ||    97
  Use: Scroll            |       |    10 |     7 ||    17
       Potion            |       |       |     6 ||     6
Armor: Scale mail        |    16 |    64 |   104 ||   184
Dodge: Dodged            |    17 |    67 |   107 ||   191
Block: Buckler           |    10 |    32 |    81 ||   123
